 Seeded DCSS version 0.31-a0-523-g071a6c1ffa (webtiles) character file.

Game seed: 17143295287354701534 (custom seed)

6043 innerfire43 the Martial Artist (level 10, 0/77 HPs)
             Began as a Gnoll Shapeshifter on Aug 11, 2023.
             Was a Priest of Okawaru.
             Slain by an orc knight
             ... wielding a +0 broad axe
              (1 damage)
             ... on level 8 of the Dungeon.
             The game lasted 00:08:37 (9575 turns).

innerfire43 the Martial Artist (Gnoll Shapeshifter) Turns: 9575, Time: 00:08:38

Health: 0/77       AC: 14    Str: 21    XL:     10   Next: 87%
Magic:  18/18      EV: 16    Int:  7    God:    Okawaru [***...]
Gold:   489        SH:  0    Dex: 16    Spells: 20/20 levels left

rFire   . .          .
                       - Unarmed
rCold   . . .        (shield currently unavailable)
rNeg    . . .        D - +0 chain mail
rPois   .            H - +2 helmet
rElec   +            t - +0 cloak
rCorr   .            (no gloves)
SInv    +            (no boots)
Will    .....        (no amulet)
Stlth   +            o - ring "Wuzeonygh" {Contam Fly rC+ Str+5 SInv}
HPRegen 0.32/turn    p - ring of Tomorrow {Fly rElec rC- EV+5}
MPRegen 0.16/turn

%: no passive effects
@: flux-form, flying, glowing
A: glow, contaminating, fangs 1, strong nose, distributed training
a: Begin Untransformation, Renounce Religion, Heroism


You were on level 8 of the Dungeon.
You worshipped Okawaru.
Okawaru was most pleased with you.
You were something dangerously unstable.
You visited 1 branch of the dungeon, and saw 8 of its levels.

You collected 489 gold pieces.

Inventory:

Missiles
 h - 2 throwing nets
Armour
 a - a +0 animal skin
 t - a +0 cloak (worn)
 D - a +0 chain mail (worn)
 H - a +2 helmet (worn)
Jewellery
 o - the ring "Wuzeonygh" (left hand) {Contam Fly rC+ Str+5 SInv}
   (You acquired it on level 3 of the Dungeon)

   [ring of flight]

   Str+5:     It affects your strength (+5).
   rC+:       It protects you from cold.
   SInv:      It lets you see invisible.
   Fly:       It grants you flight.
   Contam:    It causes magical contamination when unequipped.
 p - the ring of Tomorrow (right hand) {Fly rElec rC- EV+5}
   (You found it on level 3 of the Dungeon)

   [ring of evasion]

   EV+5:      It affects your evasion (+5).
   rC-:       It makes you vulnerable to cold.
   rElec:     It insulates you from electricity.
   Fly:       It grants you flight.
 u - a ring of poison resistance
 y - a ring of wizardry
 B - a +6 ring of intelligence
 I - a ring of magical power
 J - a ring of resist corrosion
Talismans
 c - a beast talisman
 d - a flux talisman (active)
 f - a talisman of death
Wands
 n - a wand of mindburst (19)
 q - a wand of flame (19)
 r - a wand of charming (10)
Scrolls
 e - 7 scrolls of teleportation {unknown}
 g - a scroll of torment {unknown}
 i - 5 scrolls of identify {unknown}
 l - 2 scrolls of blinking
 m - 3 scrolls of noise {unknown}
 s - a scroll of immolation {unknown}
 x - 4 scrolls of fog {unknown}
 z - 2 scrolls of enchant armour {unknown}
 A - a scroll of vulnerability {unknown}
 C - 3 scrolls of poison {unknown}
 G - a scroll of brand weapon {unknown}
Potions
 b - 2 potions of lignification
 j - 3 potions of haste
 k - a potion of attraction
 E - a potion of curing
 F - 3 potions of brilliance {unknown}


   Skills:
 + Level 6.4 Fighting
 + Level 5.8 Short Blades
 + Level 5.8 Long Blades
 + Level 5.8 Axes
 + Level 5.8 Maces & Flails
 + Level 5.8 Polearms
 + Level 5.8 Staves
 + Level 5.8 Ranged Weapons
 + Level 5.8 Throwing
 + Level 5.8 Armour
 + Level 7.4 Dodging
 + Level 5.8 Stealth
 + Level 5.8 Shields
 + Level 8.8 Unarmed Combat
 + Level 5.8 Spellcasting
 + Level 4.8 Conjurations
 + Level 4.8 Hexes
 + Level 4.8 Summonings
 + Level 4.8 Necromancy
 + Level 4.8 Translocations
 + Level 4.8 Transmutations
 + Level 4.8 Fire Magic
 + Level 4.8 Ice Magic
 + Level 4.8 Air Magic
 + Level 4.8 Earth Magic
 + Level 4.8 Poison Magic
 + Level 6.3 Invocations
 + Level 5.8 Evocations
 + Level 8.2 Shapeshifting


You had 20 spell levels left.
You didn't know any spells.
Your spell library contained the following spells:

 Spells                   Type           Power      Damage    Failure   Level
 Cigotuvi's Dreadful Rot  Necr/Pois/Air  16%        N/A       32%         2
 Ignite Poison            Fire/Tmut/Pois 8%         N/A       54%         3
 Dispel Undead            Necr           8%         3d8       91%         4
 Freezing Cloud           Conj/Ice/Air   4%         6-21      99%         5
 Death Channel            Necr           Unusable   N/A       N/A         6

Dungeon Overview and Level Annotations

Branches:
Dungeon (8/15)             Temple (0/1) D:4
   Lair: D:8-11

Altars:
Ashenzari
Kikubaaqudgha
Makhleb
Okawaru
Ru
The Shining One
Lugonu

Portals:
Abyss: D:1


Innate Abilities, Weirdness & Mutations

You are something dangerously unstable.
You glow with magical radiation, making you easy to see and hit.
Foes you strike become dangerously contaminated with magical radiation.
You are incapable of wielding weapons or throwing items.
You have very sharp teeth.
Your uncanny sense of smell can sniff out nearby items.
Your experience applies equally to all skills.


Message History

The orc barely misses you.
You barely miss the orc.
The orc is severely wounded.
The orc hits you but does no damage.
You hit the orc.
You kill the orc!
No target in view!
You see here a +0 whip.
A centaur warrior comes into view.
The centaur warrior shouts!
You hear a shout!
The centaur warrior wields a +0 orcbow.
The centaur warrior shoots an arrow.
The arrow misses you.
An orc knight comes into view. It is wielding a +0 broad axe.
Found a glowing leather armour and a slimy lapis lazuli ring.
The centaur warrior shoots an arrow.
The arrow hits you!
The centaur warrior shoots an arrow.
The arrow hits you!!
You closely miss the orc knight.
The centaur warrior shoots an arrow.
The arrow hits you!
There are monsters nearby!
You are too injured to fight recklessly!
You are too injured to fight recklessly!
You are too injured to fight recklessly!
You are too injured to fight recklessly!
You hit the orc knight but do no damage.
The orc knight begins to glow.
Your bite misses the orc knight.
The centaur warrior shoots an arrow.
The arrow hits you!
* * * LOW HITPOINT WARNING * * *
The orc knight hits you with a +0 broad axe.
* * * LOW HITPOINT WARNING * * *
Unknown command.
You feel better.
The centaur warrior shoots an arrow.
The arrow hits you!
* * * LOW HITPOINT WARNING * * *
The orc knight hits you with a +0 broad axe.
* * * LOW HITPOINT WARNING * * *
The centaur warrior shoots an arrow.
The arrow hits you.
* * * LOW HITPOINT WARNING * * *
Unknown command.
The orc knight attacks as you move away!
The orc knight hits you with a +0 broad axe.
You die...

♣♣♣♣♣.♣♣♣♣♣ .... #.# #.## .# ♣
♣.♣♣♣♣♣♣♣ #.## .# ♣. ♣.......♣
#... .# ♣. ♣♣♣♣♣♣♣♣♣♣♣♣♣.♣ ♣#...
.# .♣♣ ♣...........♣.♣ ♣♣~#...
.#♣. .♣#♣.♣♣♣♣♣♣♣♣♣.♣.♣ P~♣#.#.
.#.###.#♣.♣......#♣.♣.♣ ♣♣~P #.#.
.#.#.#.#♣.♣.####B#♣.♣.♣#♣~♣♣♣#.#.
...'.#....♣.#[.'o#♣.♣....~P~.....
.#.#.#.#♣.♣.#=c'.#♣.♣.♣#~≈~P~#.##
.#.###.#♣.♣.######♣(♣.♣#♣~♣♣~#.#
.#♣...♣#♣.♣)♣♣♣♣♣♣♣.♣.♣ ♣♣♣♣~#.#
.#♣.♣♣♣ ♣.♣.).).....♣.♣ ♣~#.#
.#♣♣.♣♣ ♣.♣♣♣♣♣♣♣♣♣♣♣.♣ ~♣#.# .#
♣♣.♣ ♣.............♣ P #.## .#
♣.♣♣ ♣♣♣♣♣♣♣.♣♣♣♣♣♣♣ ♣ #..#


You could see an orc knight (contam) and a centaur warrior.

Vanquished Creatures
  An ugly thing (D:8)
  A cyclops (D:8)
  A hornet (D:8)
  Prince Ribbit (D:5)
  A yak (D:8)
  Edmund (D:6)
  3 water moccasins
  3 ice beasts
  2 sky beasts
  3 black bears
  2 ogres
  3 orc warriors (D:8)
  A centaur (D:7)
  A phantom (D:5)
  A kobold brigand (D:6)
  4 bullfrogs
  6 scorpions
  14 wights
  12 killer bees (D:8)
  5 howler monkeys
  2 crimson imps (D:1)
  A quasit (D:1)
  5 hounds
  2 jellies
  Crazy Yiuf (D:3)
  An orc priest (D:8)
  An iguana (D:4)
  An iron imp (D:1)
  A sleepcap (D:5)
  Ijyb (D:3)
  5 orc wizards (D:8)
  3 gnolls (D:7)
  7 adders
  7 shadow imps
  5 white imps
  2 ufetubi
  A worm (D:3)
  21 orcs
  3 ball pythons
  4 endoplasms
  2 giant cockroaches (D:1)
  5 goblins
  9 hobgoblins
  4 jackals (D:5)
  7 quokkas
  4 bats (D:1)
  4 frilled lizards
  11 kobolds
  6 rats
192 creatures vanquished.

Notes
Turn   | Place    | Note
-------+----------+-------------------------------------------
     0 | D:1      | innerfire43 the Gnoll Shapeshifter began the quest for the
                  | Orb.
     0 | D:1      | Reached XP level 1. HP: 17/17 MP: 1/1
   114 | D:1      | Found a large runed translucent door.
   114 | D:1      | Found a large runed translucent door.
   114 | D:1      | Found a one-way gate to the infinite horrors of the Abyss.
   115 | D:1      | Noticed a crimson imp
   116 | D:1      | Found a corrupted altar of Lugonu.
   116 | D:1      | Noticed an iron imp
   118 | D:1      | Noticed a crimson imp
   133 | D:1      | Noticed a quasit
   346 | D:1      | Reached XP level 2. HP: 23/23 MP: 2/2
   922 | D:1      | Reached XP level 3. HP: 27/28 MP: 3/3
  1243 | D:1      | Reached skill level 1 in Short Blades
  1243 | D:1      | Reached skill level 1 in Long Blades
  1243 | D:1      | Reached skill level 1 in Axes
  1243 | D:1      | Reached skill level 1 in Maces & Flails
  1243 | D:1      | Reached skill level 1 in Polearms
  1243 | D:1      | Reached skill level 1 in Staves
  1243 | D:1      | Reached skill level 1 in Ranged Weapons
  1243 | D:1      | Reached skill level 1 in Throwing
  1243 | D:1      | Reached skill level 1 in Armour
  1243 | D:1      | Reached skill level 1 in Stealth
  1243 | D:1      | Reached skill level 1 in Shields
  1243 | D:1      | Reached skill level 1 in Spellcasting
  1243 | D:1      | Reached skill level 1 in Invocations
  1243 | D:1      | Reached skill level 1 in Evocations
  1243 | D:1      | Reached XP level 4. HP: 22/34 MP: 3/5
  1252 | D:1      | Reached skill level 1 in Conjurations
  1252 | D:1      | Reached skill level 1 in Hexes
  1252 | D:1      | Reached skill level 1 in Summonings
  1252 | D:1      | Reached skill level 1 in Necromancy
  1252 | D:1      | Reached skill level 1 in Translocations
  1252 | D:1      | Reached skill level 1 in Transmutations
  1252 | D:1      | Reached skill level 1 in Fire Magic
  1252 | D:1      | Reached skill level 1 in Ice Magic
  1252 | D:1      | Reached skill level 1 in Air Magic
  1252 | D:1      | Reached skill level 1 in Earth Magic
  1252 | D:1      | Reached skill level 1 in Poison Magic
  1259 | D:1      | Reached XP level 5. HP: 17/40 MP: 4/7
  1599 | D:2      | Reached XP level 6. HP: 42/47 MP: 8/8
  1631 | D:2      | Found a burning altar of Makhleb.
  2521 | D:3      | Found a runed translucent door.
  2522 | D:3      | Noticed Crazy Yiuf
  2635 | D:3      | Found a burning altar of Makhleb.
  2654 | D:3      | Identified the ring of Tomorrow {Fly rElec rC- EV+5}
  2833 | D:3      | Noticed Ijyb
  2835 | D:3      | Identified a scroll of acquirement
  2835 | D:3      | Acquired the ring "Wuzeonygh" {Contam Fly rC+ Str+5 SInv}
  2843 | D:3      | Killed Ijyb
  2844 | D:3      | Reached skill level 5 in Dodging
  3068 | D:3      | Killed Crazy Yiuf
  3466 | D:4      | Reached XP level 7. HP: 52/52 MP: 10/10
  3496 | D:4      | Found a sacrificial altar of Ru.
  3612 | D:4      | Found an ancient bone altar of Kikubaaqudgha.
  3612 | D:4      | Found a glowing golden altar of the Shining One.
  3669 | D:4      | Found a staircase to the Ecumenical Temple.
  4391 | D:5      | Entered Level 5 of the Dungeon
  4775 | D:5      | Reached XP level 8. HP: 57/60 MP: 12/12
  5028 | D:5      | Noticed Prince Ribbit
  5065 | D:5      | Killed Prince Ribbit
  5734 | D:6      | Noticed Edmund
  5746 | D:6      | Killed Edmund
  5898 | D:6      | Reached XP level 9. HP: 51/66 MP: 14/14
  6006 | D:6      | Found a broken altar of Ashenzari.
  6328 | D:6      | Reached skill level 5 in Fighting
  6447 | D:6      | Found an iron altar of Okawaru.
  6719 | D:6      | Became a worshipper of Warmaster Okawaru
  7205 | D:7      | Reached * piety under Okawaru
  7206 | D:7      | Reached skill level 5 in Invocations
  7635 | D:7      | Reached XP level 10. HP: 66/74 MP: 17/17
  8189 | D:8      | Reached ** piety under Okawaru
  8190 | D:8      | Reached skill level 5 in Short Blades
  8190 | D:8      | Reached skill level 5 in Long Blades
  8190 | D:8      | Reached skill level 5 in Axes
  8190 | D:8      | Reached skill level 5 in Maces & Flails
  8190 | D:8      | Reached skill level 5 in Polearms
  8190 | D:8      | Reached skill level 5 in Staves
  8190 | D:8      | Reached skill level 5 in Ranged Weapons
  8190 | D:8      | Reached skill level 5 in Throwing
  8190 | D:8      | Reached skill level 5 in Armour
  8190 | D:8      | Reached skill level 5 in Stealth
  8190 | D:8      | Reached skill level 5 in Shields
  8190 | D:8      | Reached skill level 5 in Spellcasting
  8190 | D:8      | Reached skill level 5 in Evocations
  8807 | D:8      | Noticed a brown ugly thing
  8817 | D:8      | Killed a white ugly thing
  9003 | D:8      | Identified the +6 morningstar "Okeepn" {freeze, Contam rF++
                  | rCorr}
  9085 | D:8      | Reached *** piety under Okawaru
  9455 | D:8      | Noticed a cyclops
  9465 | D:8      | Killed a cyclops
  9570 | D:8      | Noticed a centaur warrior
  9570 | D:8      | Noticed an orc knight
  9574 | D:8      | HP: 2/77 [orc knight/+0 broad axe (6)]
  9575 | D:8      | Slain by an orc knight

Illustrated notes

Levels and vault maps discovered:
D:1:      erik_arrival_cave_to_civilisation [erik_arrival_cave_to_temple],
          layout_basic, roderic_lattice_a, minmay_indecisive_spiral
D:2:      layout_basic, basic_altar
D:3:      layout_basic, amcnicky_altar_gilded, uniq_ijyb,
          uniq_crazy_yiuf_cottage
D:4:      kb_forest_paths, layout_gridville, nicolae_ru_awakened_eye,
          mainiacjoe_overflow_divided_tiny, temple_fountains
D:5:      layout_basic, uniq_prince_ribbit1
D:6:      layout_loops_cross, marbit_many_paths, lemuel_doored_altar,
          uniq_edmund
D:7:      layout_basic
D:8:      nzn_winding_woodlands_cross [nzn_winding_woodlands_5x15_lazy_stream,
          nzn_winding_woodlands_5x15_longhouse,
          nzn_winding_woodlands_5x15_default, nzn_winding_woodlands_5x15_cabin,
          nzn_winding_woodlands_15x15_boxy_spiral], layout_basic

Skill      XL: |  1  2  3  4  5  6  7  8  9 10 |
---------------+-------------------------------+-----
Short Blades   | 1 2 3 4 5 |  5.8
Long Blades    | 1 2 3 4 5 |  5.8
Axes           | 1 2 3 4 5 |  5.8
Maces & Flails | 1 2 3 4 5 |  5.8
Polearms       | 1 2 3 4 5 |  5.8
Staves         | 1 2 3 4 5 |  5.8
Ranged Weapons | 1 2 3 4 5 |  5.8
Throwing       | 1 2 3 4 5 |  5.8
Armour         | 1 2 3 4 5 |  5.8
Stealth        | 1 2 3 4 5 |  5.8
Shields        | 1 2 3 4 5 |  5.8
Spellcasting   | 1 2 3 4 5 |  5.8
Invocations    | 1 2 3 4 5 6 |  6.3
Evocations     | 1 2 3 4 5 |  5.8
Conjurations   | 1 2 3 4 |  4.8
Hexes          | 1 2 3 4 |  4.8
Summonings     | 1 2 3 4 |  4.8
Necromancy     | 1 2 3 4 |  4.8
Translocations | 1 2 3 4 |  4.8
Transmutations | 1 2 3 4 |  4.8
Fire Magic     | 1 2 3 4 |  4.8
Ice Magic      | 1 2 3 4 |  4.8
Air Magic      | 1 2 3 4 |  4.8
Earth Magic    | 1 2 3 4 |  4.8
Poison Magic   | 1 2 3 4 |  4.8
Fighting       | 3 4 5 6 |  6.4
Dodging        | 5 6 7 |  7.4
Unarmed Combat | 7 8 |  8.8
Shapeshifting  | 7 8 |  8.2

Action                     |  1- 3 |  4- 6 |  7- 9 | 10-12 || total
---------------------------+-------+-------+-------+-------++-------
  Melee: Unarmed           |    48 |   113 |   292 |   222 ||   675
         Bite              |     2 |    15 |    43 |    23 ||    83
         Punch             |     1 |     3 |       |       ||     4
    Use: Potion            |       |     1 |       |     7 ||     8
         Scroll            |       |     4 |       |       ||     4
   Stab: Sleeping          |     2 |     6 |       |       ||     8
 Armour: Animal skin       |    13 |    10 |    11 |       ||    34
         Chain mail        |       |       |    55 |    87 ||   142
  Dodge: Dodged            |    44 |    59 |   239 |   173 ||   515
   Form: Flux              |       |     1 |       |       ||     1

Table legend: (Time is in decaauts)
 A = Elapsed time spent in this place.
 B = Non-inter-level travel time spent in this place.
 C = Inter-level travel time spent in this place.
 D = Time resting spent in this place.
 E = Time spent auto-exploring this place.
 F = Levels seen in this place.
 G = Mean time per level.
                   A        B        C        D        E       F      G
               +--------+--------+--------+--------+--------+-----+--------+
         Total |   9461 |   8694 |    767 |      0 |   7442 |   8 | 1182.6 |
       Dungeon |   9461 |   8694 |    767 |      0 |   7442 |   8 | 1182.6 |
               +--------+--------+--------+--------+--------+-----+--------+

Top non-repeatable levels by time:
     D:1: 1481 daAuts
     D:8: 1367 daAuts
     D:7: 1360 daAuts
     D:5: 1265 daAuts
     D:4: 1244 daAuts
     D:6: 1102 daAuts
     D:2: 896 daAuts
     D:3: 743 daAuts
